 Dungeon Crawl Stone Soup version 0.28-a0-384-g9e0c098162 (webtiles) character file.

Game seed: 9686480697425388100

5 Cheivey the Cudgeller (level 1, 0/20 HPs)
             Began as a Minotaur Cinder Acolyte on Sept 2, 2021.
             Was a High Priest of Ignis.
             Slain by a goblin (4 damage)
             ... on level 1 of the Dungeon.
             The game lasted 00:00:12 (516 turns).

Cheivey the Cudgeller (Minotaur Cinder Acolyte)      Turns: 516, Time: 00:00:12

Health: 0/20       AC:  2    Str: 18    XL:     1   Next: 66%
Magic:  1/1        EV: 11    Int: 11    God:    Ignis [*****.]
Gold:   0          SH:  0    Dex:  5    Spells: 2/2 levels left

rFire   + . .      SeeInvis .   a - -1 mace (flame)
rCold   . . .      Faith    .   (no shield)
rNeg    . . .      Spirit   .   b - +0 robe
rPois   .          Reflect  .   (helmet restricted)
rElec   .          Harm     .   (no cloak)
rCorr   .          Rampage  .   (no gloves)
Will    .....                   (no boots)
Stlth   +.........              (no amulet)
HPRegen 0.06/turn               (no ring)
MPRegen 0.07/turn               (no ring)

@: no status effects
A: horns 2, retaliatory headbutt
a: Renounce Religion, Sea of Fire, Foxfire Swarm, Rising Flame


You were on level 1 of the Dungeon.
You worshipped Ignis.
Ignis was extremely pleased with you.
You visited 1 branch of the dungeon, and saw 1 of its levels.

Inventory:

Hand Weapons
 a - a -1 mace of flaming (weapon)
Armour
 b - a +0 robe (worn)


   Skills:
 + Level 3.9 Fighting
 + Level 3.9 Maces & Flails
 + Level 1.0 Spellcasting
 + Level 2.1 Fire Magic


You had 2 spell levels left.
You didn't know any spells.
Your spell library contained the following spells:

 Spells                   Type           Power      Damage    Failure   Level
 Scorch                   Fire           10%        2d5       21%         2


Dungeon Overview and Level Annotations

Branches:
Dungeon (1/15)

Altars:


Innate Abilities, Weirdness & Mutations

You have a pair of horns on your head.
You reflexively headbutt those who attack you in melee.


Message History

There are monsters nearby!
A goblin comes into view. It is wielding a +0 club.
The goblin shouts!
A ball python comes into view.
The ball python hisses angrily.
The quokka barely misses you. You furiously retaliate!
You headbutt the quokka. The goblin closely misses you. The quokka bites you.
You closely miss the quokka.
The quokka is almost dead.
The goblin hits you but does no damage. The quokka closely misses you.
You miss the quokka.
The quokka is severely wounded.
The goblin misses you. The quokka bites you.
The goblin hits you with a +0 club. The goblin closely misses you.
You furiously retaliate!
You headbutt the goblin!
You kill the goblin!
You are too injured to fight recklessly!
You are too injured to fight recklessly!
You are too injured to fight recklessly!
You are too injured to fight recklessly!
You are too injured to fight recklessly!
You are too injured to fight recklessly!
You are too injured to fight recklessly!
You are too injured to fight recklessly!
You are too injured to fight recklessly!
You are too injured to fight recklessly!
You are too injured to fight recklessly!
You are too injured to fight recklessly!
You are too injured to fight recklessly!
You are too injured to fight recklessly!
You are too injured to fight recklessly!
You are too injured to fight recklessly!
You are too injured to fight recklessly!
You are too injured to fight recklessly!
You are too injured to fight recklessly!
You are too injured to fight recklessly!
Flames leap up around you! The quokka bites you.
* * * LOW HITPOINT WARNING * * *
The goblin hits you with a +0 club.
You die...

#..###.#..... #.
............ +.#
............
#..##...........
..........S....
#...vvvvv..^# ..
##...vgrvv...##.##
#....vv@vv.......
#.#..vvvvv.....##.
.....vvvvv..#....#
...#..........# # ..
#..........##.###
..##................
...................
####...............
######..$..>.........


You could see a quokka (ally target), a goblin (ally target) and a ball python
(ally target).

Vanquished Creatures
  3 endoplasms (D:1)
  A goblin (D:1)
4 creatures vanquished.

Notes
Turn   | Place    | Note
-------+----------+-------------------------------------------
     0 | D:1      | Cheivey the Minotaur Cinder Acolyte began the quest for the
                  | Orb.
     0 | D:1      | Reached XP level 1. HP: 19/19 MP: 1/1
   516 | D:1      | Slain by a goblin

Illustrated notes

Levels and vault maps discovered:
D:1:      dpeg_arrival_simpleton_b, layout_rooms, serial_shops,
          nicolae_shop_behind_doors, chequers_serial_rivers_micro_a

Action                   || total
-------------------------++-------
Melee: Mace              ||     8
       Headbutt          ||     2
Invok: Foxfire Swarm     ||     1
Armor: Robe              ||     2
Dodge: Dodged            ||     6

Table legend: (Time is in decaauts)
 A = Elapsed time spent in this place.
 B = Non-inter-level travel time spent in this place.
 C = Inter-level travel time spent in this place.
 D = Time resting spent in this place.
 E = Time spent auto-exploring this place.
 F = Levels seen in this place.
 G = Mean time per level.
                   A        B        C        D        E       F      G
               +--------+--------+--------+--------+--------+-----+--------+
         Total |    517 |    517 |      0 |    479 |     14 |   1 |  517.0 |
       Dungeon |    517 |    517 |      0 |    479 |     14 |   1 |  517.0 |
               +--------+--------+--------+--------+--------+-----+--------+

Top non-repeatable levels by time:
     D:1: 517 daAuts
